 Dungeon Crawl Stone Soup version 0.29-a0-41-g89e12c0570 (webtiles) character file.

Game seed: 16801165202953547615

634734 Grim the Acrobat (level 26, 0/254 HPs)
             Began as a Minotaur Fighter on Feb 1, 2022.
             Was the Champion of the Shining One.
             Slain by a death scarab (4 damage)
             ... summoned by a royal mummy
             ... while petrified
             ... on level 2 of the Tomb of the Ancients on Feb 2, 2022.
             The game lasted 02:46:53 (92383 turns).

Grim the Acrobat (Minotaur Fighter)                Turns: 92383, Time: 02:46:54

Health: 0/254      AC: 35    Str: 27      XL:     26   Next: 89%
Magic:  2/32       EV:  2    Int: 14 (15) God:    the Shining One [******]
Gold:   3574       SH:  0    Dex: 30      Spells: 25/25 levels left

rFire   + + +      SeeInvis .   m - +9 trishula (holy)
rCold   + + .      Faith    .   c - +1 tower shield {rC+}
rNeg    + + +      Spirit   .   e - +2 plate armour "Irchysef" {rCorr Int+4 Dex+4}
rPois   ∞          Reflect  +   y - +1 hat
rElec   +          Harm     .   I - +2 cloak
rCorr   +          Rampage  .   Y - +2 pair of gloves of Fortitude {rElec rF+ Str+4 Int+4}
Will    +++++                   S - +2 pair of boots {Stlth+}
Stlth   ..........              C - amulet of reflection
HPRegen 0.52/turn               J - ring "Tydamefu" {rF+ rC+ rCorr Dex+6 Slay+3}
MPRegen 0.23/turn               P - ring "Pintarit" {Will+++ EV+4 Int-2 Dex+4}

@: petrified, marked, slowed, glowing, studying Bows
A: horns 2, retaliatory headbutt, fire resistance 1, low MP 1, strong-willed 1
}: 4/15 runes: decaying, serpentine, slimy, silver
a: Renounce Religion, Divine Shield, Cleansing Flame, Summon Divine Warrior


You were on level 2 of the Tomb of the Ancients.
You worshipped the Shining One.
The Shining One was exalted by your worship.
You visited 12 branches of the dungeon, and saw 54 of its levels.
You also visited: Ossuary, Bailey and Wizlab.

You collected 6792 gold pieces.
You spent 3218 gold pieces at shops.

Inventory:

Hand Weapons
 m - a +9 trishula of holy wrath (weapon)
Missiles
 d - 33 boomerangs
 j - 7 curare-tipped darts
 l - 4 throwing nets
 q - 5 silver javelins (quivered)
 E - 15 atropa-tipped darts
 L - 14 javelins
 N - 3 datura-tipped darts
Armour
 c - a +1 tower shield of cold resistance (worn)
 e - the +2 plate armour "Irchysef" (worn) {rCorr Int+4 Dex+4}
   (You bought it in a shop on level 2 of the Orcish Mines)

   Int:       It affects your intelligence (+4).
   Dex:       It affects your dexterity (+4).
   rCorr:     It protects you from acid and corrosion.
 y - a +1 hat (worn)
 I - a +2 cloak (worn)
 S - a +2 pair of boots of stealth (worn)
 V - the +15 Maxwell's patent armour {-Cast -Tele rElec Will+ rCorr}
   (You found it on level 1 of the Swamp)

   rElec:     It insulates you from electricity.
   -Cast:     It prevents spellcasting.
   -Tele:     It prevents most forms of teleportation.
   rCorr:     It protects you from acid and corrosion.
   Will:      It increases your willpower.
 Y - the +2 pair of gloves of Fortitude (worn) {rElec rF+ Str+4 Int+4}
   (You found it on level 5 of the Vaults)

   Str:       It affects your strength (+4).
   Int:       It affects your intelligence (+4).
   rF:        It protects you from fire.
   rElec:     It insulates you from electricity.
Jewellery
 f - the ring of Rud Zoud {rPois Dex+4 Slay+2}
   (You bought it in a shop on level 2 of the Orcish Mines)

   [ring of poison resistance]

   Dex:       It affects your dexterity (+4).
   Slay:      It affects your accuracy & damage with ranged weapons and melee
   (+2).
   rPois:     It protects you from poison.
 t - an amulet of faith
 C - an amulet of reflection (around neck)
 J - the ring "Tydamefu" (left hand) {rF+ rC+ rCorr Dex+6 Slay+3}
   (You bought it in a shop on level 1 of the Depths)

   [ring of dexterity]

   Dex:       It affects your dexterity (+6).
   Slay:      It affects your accuracy & damage with ranged weapons and melee
   (+3).
   rF:        It protects you from fire.
   rC:        It protects you from cold.
   rCorr:     It protects you from acid and corrosion.
 P - the ring "Pintarit" (right hand) {Will+++ EV+4 Int-2 Dex+4}
   (You found it on level 3 of the Depths)

   [ring of evasion]

   EV:        It affects your evasion (+4).
   Int:       It affects your intelligence (-2).
   Dex:       It affects your dexterity (+4).
   Will:      It greatly increases your willpower.
Wands
 i - a wand of charming (5)
 x - a wand of digging (1)
 z - a wand of iceblast (71)
 A - a wand of paralysis (22)
 D - a wand of acid (23)
 M - a wand of flame (165)
 O - a wand of mindburst (49)
 Z - a wand of polymorph (17)
Scrolls
 a - 5 scrolls of amnesia
 b - 5 scrolls of holy word
 g - 4 scrolls of teleportation
 k - 9 scrolls of magic mapping
 r - 7 scrolls of fog
 s - 6 scrolls of vulnerability
 F - 10 scrolls of enchant armour
 H - 8 scrolls of fear
 R - 6 scrolls of immolation
 T - 3 scrolls of silence
 U - 2 scrolls of summoning
Potions
 n - 11 potions of flight
 o - 5 potions of haste
 p - 3 potions of ambrosia
 u - a potion of heal wounds
 v - 6 potions of magic
 B - 23 potions of curing
 K - 3 potions of cancellation
 Q - 3 potions of berserk rage
 W - 6 potions of lignification
Miscellaneous
 h - a tin of tremorstones (2/2)
 w - a lightning rod (4/4)
 G - a phantom mirror
 X - a tin of tremorstones (2/2)


   Skills:
 - Level 23.8 Fighting
 - Level 14.3 Polearms
 + Level 6.8 Throwing
 - Level 23.0 Armour
 - Level 24.0 Dodging
 - Level 23.2 Shields
 + Level 20.9 Invocations
 + Level 14.3 Evocations


You had 25 spell levels left.
You didn't know any spells.
Your spell library contained the following spells:

 Spells                   Type           Power      Damage    Failure   Level
 Animate Skeleton         Necr           0%         N/A       86%         1
 Freeze                   Ice            0%         1d3       86%         1
 Magic Dart               Conj           0%         1d3       86%         1
 Pain                     Necr           0%         1d4       86%         1
 Sandblast                Erth           0%         2d4       86%         1
 Shock                    Conj/Air       0%         1d3       86%         1
 Slow                     Hex            0%         N/A       86%         1
 Summon Small Mammal      Summ           0%         N/A       86%         1
 Blink                    Tloc           0%         N/A       95%         2
 Corpse Rot               Necr/Air       0%         N/A       95%         2
 Ensorcelled Hibernation  Hex/Ice        0%         N/A       95%         2
 Passwall                 Tmut/Erth      0%         N/A       95%         2
 Poisonous Vapours        Pois/Air       0%         N/A       95%         2
 Scorch                   Fire           0%         2d5       95%         2
 Searing Ray              Conj           0%         2d4       95%         2
 Static Discharge         Conj/Air       0%         N/A       95%         2
 Sublimation of Blood     Necr           0%         N/A       95%         2
 Wereblood                Tmut           0%         N/A       95%         2
 Call Canine Familiar     Summ           0%         N/A       99%         3
 Confusing Touch          Hex            0%         N/A       99%         3
 Conjure Flame            Conj/Fire      0%         6-21      99%         3
 Dazzling Flash           Conj/Hex       0%         N/A       99%         3
 Frozen Ramparts          Ice            0%         1d2       99%         3
 Gell's Gravitas          Tloc           0%         N/A       99%         3
 Ignite Poison            Fire/Tmut/Pois 0%         N/A       99%         3
 Inner Flame              Hex/Fire       0%         N/A       99%         3
 Lesser Beckoning         Tloc           0%         N/A       99%         3
 Mephitic Cloud           Conj/Pois/Air  0%         N/A       99%         3
 Ozocubu's Armour         Ice            0%         N/A       99%         3
 Portal Projectile        Hex/Tloc       0%         N/A       99%         3
 Summon Guardian Golem    Hex/Summ       0%         N/A       99%         3
 Swiftness                Air            0%         N/A       99%         3
 Teleport Other           Tloc           0%         N/A       99%         3
 Vampiric Draining        Necr           0%         2d6       99%         3
 Airstrike                Air            0%         N/A       100%        4
 Anguish                  Hex/Necr       0%         N/A       100%        4
 Animate Armour           Summ/Erth      0%         N/A       100%        4
 Cause Fear               Hex            0%         N/A       100%        4
 Dispel Undead            Necr           0%         3d6       100%        4
 Flame Wave               Conj/Fire      0%         2d4       100%        4
 Fulminant Prism          Conj/Hex       0%         3d6       100%        4
 Hailstorm                Conj/Ice       0%         3d3       100%        4
 Ice Form                 Ice/Tmut       0%         N/A       100%        4
 Iskenderun's Mystic Bla  Conj/Tloc      0%         2d3       100%        4
 Leda's Liquefaction      Hex/Erth       0%         N/A       100%        4
 Olgreb's Toxic Radiance  Pois           0%         N/A       100%        4
 Passage of Golubria      Tloc           0%         N/A       100%        4
 Petrify                  Tmut/Erth      0%         N/A       100%        4
 Sticky Flame             Conj/Fire      0%         2d3       100%        4
 Summon Ice Beast         Ice/Summ       0%         N/A       100%        4
 Agony                    Necr           0%         N/A       100%        5
 Alistair's Intoxication  Tmut/Pois      0%         N/A       100%        5
 Blade Hands              Tmut           0%         N/A       100%        5
 Borgnjor's Vile Clutch   Necr/Erth      0%         N/A       100%        5
 Excruciating Wounds      Necr           0%         N/A       100%        5
 Fireball                 Conj/Fire      0%         3d3       100%        5
 Freezing Cloud           Conj/Ice/Air   0%         6-21      100%        5
 Iskenderun's Battlesphe  Conj           0%         2d6       100%        5
 Metabolic Englaciation   Hex/Ice        0%         N/A       100%        5
 Silence                  Hex/Air        0%         N/A       100%        5
 Summon Forest            Summ/Tloc      0%         N/A       100%        5
 Yara's Violent Unravell  Hex/Tmut       0%         3d3       100%        5
 Conjure Ball Lightning   Conj/Air       0%         3x3d6     100%        6
 Death Channel            Necr           0%         N/A       100%        6
 Dispersal                Tloc           0%         N/A       100%        6
 Eringya's Noxious Bog    Tmut/Pois      0%         N/A       100%        6
 Iron Shot                Conj/Erth      0%         9d1       100%        6
 Simulacrum               Ice/Necr       0%         N/A       100%        6
 Starburst                Conj/Fire      0%         6d3       100%        6
 Statue Form              Tmut/Erth      0%         N/A       100%        6
 Summon Cactus Giant      Summ           0%         N/A       100%        6
 Dragon Form              Tmut           0%         N/A       100%        7
 Enfeeble                 Hex            0%         N/A       100%        7
 Orb of Destruction       Conj           0%         9d5       100%        7
 Ozocubu's Refrigeration  Ice            0%         4d5       100%        7
 Spellforged Servitor     Conj/Summ      0%         N/A       100%        7
 Summon Hydra             Summ           0%         N/A       100%        7
 Borgnjor's Revivificati  Necr           0%         N/A       100%        8
 Discord                  Hex            0%         N/A       100%        8
 Disjunction              Tloc           0%         N/A       100%        8
 Ignition                 Fire           0%         3d3       100%        8
 Infestation              Necr           0%         N/A       100%        8
 Lehudib's Crystal Spear  Conj/Erth      0%         10d2      100%        8
 Maxwell's Capacitive Co  Air            0%         ∞         100%        8
 Dragon's Call            Summ           0%         N/A       100%        9
 Polar Vortex             Ice            0%         N/A       100%        9


Dungeon Overview and Level Annotations

Branches:
Dungeon (15/15)            Temple (1/1) D:6            Lair (6/6) D:9
  Swamp (4/4) Lair:3        Snake (4/4) Lair:3        Slime (5/5) Lair:5
    Orc (2/2) D:12            Elf (3/3) Orc:2        Vaults (5/5) D:14
  Crypt (3/3) Vaults:3       Tomb (2/3) Crypt:3      Depths (4/4) D:15
    Zot (0/5) Depths:4    Ossuary (visited)          Bailey (visited)
 WizLab (visited)

Altars:
Ashenzari
Cheibriados
Dithmenos
Elyvilon
Fedhas
Gozag
Hepliaklqana
Kikubaaqudgha
Makhleb
Nemelex Xobeh
Okawaru
Qazlal
Ru
Sif Muna
Trog
Uskayaw
Vehumet
Wu Jian
Xom
Yredelemnul
Zin
The Shining One
Beogh
Jiyva

Shops:
D:10 (   D:11 ?   Orc:2 :=[=   Elf:2 [   Snake:1 [[(?   Snake:2 [   Vaults:1 !
Vaults:2 *   Vaults:4 (   Depths:1 :=:

Portals:
Hell: Depths:1 Depths:2 Depths:3 Depths:4
Abyss: Depths:2 Depths:3
Pandemonium: Depths:2 Depths:3
Ziggurat: Depths:4

Annotations:
Lair:3 exclusion: oklob plant
Swamp:4 Lernaean hydra
Snake:2 Qojoc's ghost, adept GnHu
Crypt:2 2 transporters, exclusion: obsidian statue, Caitwiop's ghost, veteran GrFi; Util's ghost, veteran MiBe


Innate Abilities, Weirdness & Mutations

You have a pair of horns on your head.
You reflexively headbutt those who attack you in melee.
Your flesh is heat resistant. (rF+)
Your magical capacity is low. (-10% MP)
You are strong-willed. (Will+)


Message History

The death scarab drains your vigour!
You feel as though you will be slow longer.
The guardian mummy hits you but does no damage.
The royal mummy mumbles some strange words.
The flying skull closely misses you. You furiously retaliate!
You headbutt the flying skull! The skeletal warrior misses you.
You block the death scarab's attack. The death scarab bites you!
* * * LOW HITPOINT WARNING * * *
The death scarab drains your vigour!
You feel as though you will be slow longer.
You have turned to stone.
Your surroundings suddenly seem different.
A mummy comes into view.
The death scarab fails to trigger a net trap.
The ushabti shakes and rattles deafeningly!
The death scarab bites you but does no damage.
The death scarab barely misses you.
The death scarab bites you but does no damage. x2
The death scarab bites you but does no damage. x3
The harpy skeleton claws you but does no damage.
The harpy skeleton claws you.
* * * LOW HITPOINT WARNING * * *
The death scarab bites you!
* * * LOW HITPOINT WARNING * * *
The royal mummy gestures wildly while chanting.
The death scarab bites you but does no damage.
The harpy skeleton claws you but does no damage. x2
The death scarab bites you.
* * * LOW HITPOINT WARNING * * *
The death scarab bites you but does no damage. x2
The harpy skeleton claws you but does no damage.
The harpy skeleton claws you.
* * * LOW HITPOINT WARNING * * *
The death scarab barely misses you.
The death scarab bites you but does no damage.
The harpy skeleton claws you!
* * * LOW HITPOINT WARNING * * *
The harpy skeleton claws you but does no damage.
The death scarab bites you!
You die...

#.. #..............^.... #..
#................... #..
#...!...............
#####..###.^..........^......
....#.M..B=B.................
....#.M..BM.B...)...?........
.zM^zzWM^W.M.#...........#$..
zBBs#M...W.Mz^.B.............
.BB.#.BM§9MMW.ZB@........B...
BMB.#.WMMM..M9.Z.............
#####.ZB.M.M.#...........#...
#..M.MZ..Z.......[.......
#.........$..........M...
#Z.# #.................. #VM#
#....$..........^. #B.#
#.................
#BB###...B.....


You could see 2 royal mummies, a mummy priest, 3 guardian mummies, 2 ushabtiu, 2
freezing wraiths, 6 death scarabs, a shadow (summoned), 4 mummies, a wight
(summoned), a shadow dragon simulacrum, a stone giant zombie (summoned), a harpy
skeleton and a juggernaut skeleton (summoned).

Vanquished Creatures
  Dissolution (Slime:4)
  the Royal Jelly (Slime:5)
  Khufu (Tomb:1)
  A dread lich (Vaults:5)
  5 royal mummies (Tomb:1)
  The ghost of Xonarufe the Warrior, a veteran GrFi of the Shining One (Crypt:1)
  Boris (twice) (Crypt:1 Crypt:2)
  Saint Roka (Vaults:3)
  Xtahua (Crypt:1)
  A curse toe (Crypt:3)
  Nikola (Elf:2)
  A golden dragon (Depths:2)
  A bone dragon (Depths:4)
  Jory (Crypt:1)
  8 liches
  7 tentacled monstrosities
  2 walking earthen tomes
  20 acid blobs
  7 titans
  2 deep elf blademasters
  A walking divine tome (Depths:3)
  A quicksilver dragon (Depths:3)
  Asterion (Vaults:2)
  A deep elf master archer (Elf:3)
  9 ancient champions
  14 sphinxes
  12 tengu reavers
  6 shadow dragons
  5 storm dragons
  Donald (Elf:3)
  13 rockslimes
  3 revenants
  A fenstrider witch (Swamp:4)
  16 frost giants
  6 nagarajas
  16 azure jellies
  7 fire giants
  Louise (Snake:1)
  An orc warlord (Vaults:3)
  17 vault wardens
  2 iron dragons
  6 deep elf sorcerers
  Aizul (Vaults:3)
  2 deep elf elementalists (Elf:3)
  11 ghouls
  6 war gargoyles
  4 curse skulls
  2 spriggan defenders (Depths:2)
  2 caustic shrike skeletons
  6 quicksilver oozes
  3 draconian annihilators (Depths:4)
  31 very ugly things
  18 stone giants
  2 bennus (Tomb:1)
  18 ironbound preservers
  A juggernaut skeleton (Crypt:3)
  9 ironbound thunderhulks
  8 vampire knights
  3 eleionomae
  A black draconian (Depths:4)
  2 entropy weavers
  3 green draconians (Depths:4)
  2 reapers
  8 deep elf annihilators
  3 deep elf demonologists (Elf:3)
  A bunyip (shapeshifter) (Depths:2)
  12 dire elephants
  A yellow draconian (Depths:4)
  10 spark wasps
  3 bunyips
  A blizzard demon (Depths:2)
  8 eidola
  Snorg (Lair:6)
  14 deep elf death magi
  19 ettins
  11 mummy priests
  8 jiangshi
  A crystal guardian (Vaults:2)
  A kraken zombie (Crypt:3)
  Josephine (D:14)
  3 shambling mangroves
  13 yaktaur captains
  8 fire dragons
  5 ice dragons
  4 deep elf high priests
  11 great orbs of eyes
  A rakshasa (Depths:1)
  6 salamander tyrants
  Erolcha (D:10)
  A fenstrider witch zombie (Crypt:1)
  13 naga warriors
  28 vault guards
  A caustic shrike simulacrum (Crypt:3)
  18 hydras
  A catoblepas (Lair:6)
  6 boulder beetles
  6 ghost crabs (Swamp:1)
  28 two-headed ogres
  A spriggan skeleton (Crypt:1)
  8 ironbound frosthearts
  3 peacekeepers
  13 centaur warriors
  6 ogre magi
  2 spriggan air magi
  A two-headed ogre (shapeshifter) (D:10)
  7 deep troll shamans
  12 anacondas
  22 dancing weapons
  5 tengu warriors
  A death knight (D:12)
  A hell hog (Depths:1)
  2 orc high priests
  12 vampire magi
  A death scarab (Tomb:2)
  6 alligators
  13 death yaks
  5 deep troll earth magi
  4 spriggan berserkers
  14 naga sharpshooters
  3 hell knights (Depths:4)
  A shock serpent (shapeshifter) (D:15)
  3 shock serpents
  2 storm dragon zombies (Depths:3)
  Sonja (Lair:1)
  4 soul eaters
  28 deep elf knights
  5 salamander mystics
  2 titan skeletons
  A deep troll (shapeshifter) (Depths:2)
  10 sea snakes
  7 spriggan druids
  6 shadow wraiths
  13 iron trolls
  16 skeletal warriors
  42 deep trolls
  6 flayed ghosts
  2 death drakes
  6 bog bodies
  13 deep elf archers
  11 naga ritualists
  3 glowing orange brains
  22 ironbound convokers
  7 swamp dragons
  15 wizards
  51 deep elf pyromancers
  10 necromancers
  7 lindwurms
  An iron dragon zombie (Depths:3)
  6 orc knights
  A harpy (Vaults:1)
  A golden dragon skeleton (Depths:2)
  19 phantasmal warriors
  9 mana vipers
  31 deep elf zephyrmancers
  A fire giant zombie (Depths:3)
  2 wolf spiders (Lair:6)
  3 orc sorcerers
  A tengu skeleton (Depths:2)
  2 shining eyes
  4 cyclopes
  75 ugly things
  3 will-o-the-wisps
  26 salamanders
  An eleionoma zombie (Crypt:1)
  Joseph (D:10)
  3 manticores
  An eleionoma skeleton (Crypt:1)
  12 vault sentinels
  17 elephants
  2 stone giant skeletons
  20 naga magi
  A rust devil (Depths:2)
  6 apocalypse crabs
  Maurice (D:12)
  An alligator snapping turtle zombie (Crypt:2)
  42 black mambas
  A pale draconian zombie (Crypt:2)
  2 eyes of devastation
  10 guardian serpents
  2 orange demons
  An ice statue (Snake:2)
  3 smoke demons
  4 rime drakes
  Maggie (D:10)
  18 cane toads
  23 yaktaurs
  A shock serpent skeleton (Crypt:3)
  2 unseen horrors (D:11)
  9 komodo dragons
  A dire elephant skeleton (Crypt:1)
  4 kobold demonologists (D:12)
  An ice devil (Depths:2)
  3 tengu conjurers
  A death yak skeleton (Crypt:2)
  A harpy zombie (Crypt:3)
  12 guardian mummies
  5 freezing wraiths
  2 polar bears
  A red devil (Depths:3)
  9 trolls
  10 tyrant leeches
  3 meliai (D:13)
  13 hornets
  8 blink frogs
  2 saltlings (Elf:2)
  2 harpy skeletons
  A slime creature (shapeshifter) (Vaults:5)
  A tengu simulacrum (Depths:2)
  95 slime creatures
  A blink frog (shapeshifter) (D:14)
  10 flying skulls
  An ice dragon zombie (Crypt:1)
  A jumping spider zombie (Crypt:1)
  A raiju (Snake:4)
  Grinder (D:3)
  A shadow (D:11)
  11 wraiths
  6 air elementals
  17 wyverns
  10 spriggans
  4 water elementals
  A satyr skeleton (Crypt:2)
  A yak (shapeshifter) (D:14)
  5 ushabtiu
  6 basilisks
  47 yaks
  A basilisk (shapeshifter) (Depths:3)
  5 fire elementals
  7 golden eyes
  6 vampire mosquitoes
  A chaos spawn (Depths:3)
  4 redbacks
  4 wargs
  4 acid dragons
  49 nagas
  12 swamp worms
  31 water moccasins
  A water nymph skeleton (Crypt:1)
  A two-headed ogre skeleton (Crypt:3)
  A naga skeleton (Crypt:3)
  2 floating eyes
  8 swamp drakes
  4 hell hounds (D:15)
  2 ice beasts
  3 black bears
  6 necrophages
  3 sky beasts
  18 orc warriors
  A dream sheep zombie (Crypt:2)
  4 boggarts (Vaults:1)
  A swamp dragon zombie (Crypt:2)
  A manticore skeleton (Crypt:3)
  11 wolves
  36 ogres
  21 centaurs
  A phantom (D:7)
  5 kobold brigands
  10 bullfrogs
  2 scorpions
  3 earth elementals
  6 water moccasin zombies
  A cyclops skeleton (Crypt:1)
  A yak zombie (Crypt:2)
  8 killer bees
  8 electric eels
  5 wights (D:7)
  A howler monkey (D:12)
  4 lava snakes (Lair:5)
  9 centaur zombies
  10 orc priests
  A human zombie (Crypt:3)
  A bullfrog zombie (D:6)
  2 centaur skeletons
  A gnoll shaman (D:5)
  6 hounds
  A bullfrog skeleton (D:5)
  Terence (D:2)
  2 iguanas
  17 orc wizards
  An acid dragon skeleton (Crypt:2)
  A hound skeleton (D:5)
  9 mummies
  16 gnolls
  8 adders
  A lava snake skeleton (Crypt:1)
  3 adder zombies (Ossuary)
  4 worms
  2 dart slugs
  74 orcs
  9 bats
  8 endoplasms
  5 giant cockroaches
  5 gnoll zombies (Ossuary)
  10 goblins
  6 hobgoblins
  2 quokkas
  4 ball pythons
  A dart slug zombie (Crypt:3)
  A frilled lizard (D:2)
  A goblin skeleton (Crypt:1)
  6 hobgoblin zombies (Ossuary)
  26 kobolds
  3 kobold zombies (Ossuary)
  3 orc zombies (Ossuary)
  5 rats
  2 rat zombies (D:4)
  A fire vortex (Depths:1)
  A withered plant (Crypt:3)
2274 creatures vanquished.

Vanquished Creatures (collateral kills)
  Vashnia (Snake:4)
  A profane servitor (Crypt:3)
  A walking earthen tome (Depths:3)
  2 vault wardens
  3 ironbound preservers
  A stone giant (Depths:3)
  2 ironbound thunderhulks
  A green draconian (Depths:4)
  Azrael (D:15)
  A dire elephant (Vaults:2)
  A fire dragon (Depths:3)
  A naga warrior (Snake:3)
  2 vault guards (Vaults:1)
  A ghost crab (Swamp:3)
  2 ironbound frosthearts (Vaults:1)
  An alligator (Swamp:1)
  An anaconda (Snake:4)
  A deep troll earth mage (Depths:3)
  2 naga ritualists (Snake:4)
  9 deep trolls (Vaults:1)
  A spriggan druid (Swamp:3)
  An ironbound convoker (Vaults:1)
  2 salamanders
  2 ugly things (D:15)
  An orc sorcerer (Orc:2)
  2 vault sentinels
  A guardian serpent (Snake:3)
  4 naga magi
  A troll (D:14)
  A hornet (Swamp:3)
  A spriggan (Swamp:3)
  2 fire elementals (D:15)
  A redback (Vaults:1)
  5 nagas (Snake:3)
  2 swamp worms (Swamp:3)
  A hell hound (D:15)
  4 orcs (Orc:2)
  A plant (Swamp:3)
68 creatures vanquished.

Vanquished Creatures (others)
  A stone giant (Depths:4)
  A spark wasp (WizLab)
  A spriggan air mage (Depths:3)
  A deep elf knight (Elf:2)
  A spriggan druid (Swamp:2)
  A deep elf zephyrmancer (Elf:3)
  A deep elf pyromancer (Elf:2)
  A salamander (Snake:4)
  A naga mage (Snake:4)
  2 bloated husks
  2 tyrant leeches
  A swamp worm (Swamp:2)
  A swamp drake (Swamp:2)
  An electric eel (D:11)
  An orc wizard (Elf:2)
  An orc (Orc:2)
  A bush (Lair:6)
  4 foxfires
  32 fungi
  78 plants
  4 tentacles (Crypt:3)
  A withered plant (Crypt:3)
138 creatures vanquished.

Grand Total: 2480 creatures vanquished

Notes
Turn   | Place    | Note
-------+----------+-------------------------------------------
     0 | D:1      | Grim the Minotaur Fighter began the quest for the Orb.
     0 | D:1      | Reached XP level 1. HP: 19/19 MP: 0/0
     3 | D:1      | Noticed an electric eel
     4 | D:1      | Noticed an electric eel
   121 | D:1      | Reached XP level 2. HP: 11/26 MP: 1/1
   653 | D:1      | Reached XP level 3. HP: 31/31 MP: 2/2
   692 | D:1      | Found a faded altar of an unknown god.
  1129 | D:2      | Reached skill level 5 in Polearms
  1166 | D:2      | Reached XP level 4. HP: 27/39 MP: 3/3
  1398 | D:2      | Noticed Terence
  1411 | D:2      | Killed Terence
  1674 | D:2      | Identified the +9 mace of Zuskasiq {drain, Drain rElec rC+
                  | Stlth+}
  1977 | D:2      | Reached XP level 5. HP: 42/45 MP: 4/4
  2472 | D:3      | Found an opulent altar of Gozag.
  2489 | D:3      | Noticed Grinder
  2502 | D:3      | Paralysed by Grinder for 4 turns
  2510 | D:3      | Killed Grinder
  2511 | D:3      | Reached XP level 6. HP: 3/51 MP: 5/5
  2864 | D:3      | Found a burning altar of Makhleb.
  2864 | D:3      | Noticed an ice beast
  2877 | D:3      | Killed an ice beast
  3606 | D:4      | Found a sand-covered staircase.
  3619 | Ossuary  | Entered an ossuary
  3658 | Ossuary  | Reached XP level 7. HP: 53/57 MP: 6/6
  3707 | Ossuary  | Reached skill level 10 in Polearms
  4379 | D:4      | Reached XP level 8. HP: 57/64 MP: 7/7
  4578 | D:5      | Entered Level 5 of the Dungeon
  4989 | D:5      | Found a broken altar of Ashenzari.
  5011 | D:4      | Gained mutation: You are strong-willed. (Will+) [potion of
                  | mutation]
  5011 | D:4      | Gained mutation: Your flesh is heat resistant. (rF+)
                  | [potion of mutation]
  5011 | D:4      | HP: 2/64 [poisoned by a water moccasin]
  6595 | D:6      | Reached XP level 9. HP: 63/70 MP: 8/8
  6852 | D:6      | Found a staircase to the Ecumenical Temple.
  6897 | Temple   | Entered the Ecumenical Temple
  7150 | Temple   | Became a worshipper of the Shining One
  7171 | D:6      | Reached skill level 1 in Invocations
  7255 | D:6      | Found a snail-covered altar of Cheibriados.
  7635 | D:7      | Reached skill level 5 in Fighting
  7970 | D:7      | Reached * piety under the Shining One
  8742 | D:7      | Found a hazy altar of Hepliaklqana.
  8743 | D:7      | Identified the +6 trident of Division {flame, rPois Dex+2
                  | Stlth-}
  8936 | D:8      | Found a shadowy altar of Dithmenos.
  9056 | D:8      | Reached XP level 10. HP: 87/90 MP: 12/12
  9157 | D:8      | Got Seizar's Catalogue of Lightness
  9674 | D:9      | Found a bloodstained altar of Trog.
  9880 | D:9      | Noticed a death yak
  9880 | D:9      | Noticed a death yak
  9880 | D:9      | Noticed a death yak
  9880 | D:9      | Noticed a death yak
  9881 | D:9      | Noticed a death yak
  9881 | D:9      | Noticed a death yak
  9881 | D:9      | Reached ** piety under the Shining One
  9959 | D:9      | Found a staircase to the Lair.
  9971 | D:9      | Found a flagged portal.
  9980 | Bailey   | Entered a bailey
 10105 | Bailey   | Noticed an orc knight
 10114 | Bailey   | Killed an orc knight
 10115 | Bailey   | Reached skill level 5 in Invocations
 10416 | D:9      | Noticed a death yak
 10451 | D:9      | Killed a death yak
 10452 | D:9      | Reached skill level 10 in Fighting
 10463 | D:9      | Killed a death yak
 11104 | D:9      | Noticed a death yak
 11118 | D:9      | Killed a death yak
 11132 | D:9      | Killed a death yak
 11137 | D:9      | Killed a death yak
 11138 | D:9      | Reached XP level 11. HP: 56/105 MP: 13/15
 11143 | D:9      | Killed a death yak
 11148 | D:9      | Killed a death yak
 11154 | D:9      | Killed a death yak
 11574 | D:10     | Entered Level 10 of the Dungeon
 11580 | D:10     | Noticed a two-headed ogre
 11585 | D:10     | Killed a two-headed ogre
 11708 | D:10     | Noticed Joseph
 11713 | D:10     | Killed Joseph
 11820 | D:10     | Noticed a two-headed ogre
 11823 | D:10     | Noticed Maggie
 11827 | D:10     | Killed a two-headed ogre
 11835 | D:10     | Killed Maggie
 12043 | D:10     | Noticed Erolcha
 12050 | D:10     | Killed Erolcha
 12051 | D:10     | Reached skill level 15 in Fighting
 12171 | D:10     | Found a white marble altar of Elyvilon.
 12247 | D:10     | Noticed a two-headed ogre
 12255 | D:10     | Killed a two-headed ogre
 12320 | D:10     | Found Noyt's Weapon Boutique.
 12559 | D:10     | Found a glowing silver altar of Zin.
 12631 | D:11     | Noticed a two-headed ogre
 12644 | D:11     | Killed a two-headed ogre
 12645 | D:11     | Reached skill level 1 in Dodging
 12645 | D:11     | Reached XP level 12. HP: 92/121 MP: 17/17
 12648 | D:11     | Reached skill level 2 in Dodging
 12662 | D:11     | Reached skill level 3 in Dodging
 12807 | D:11     | Noticed a two-headed ogre
 12817 | D:11     | Killed a two-headed ogre
 12818 | D:11     | Reached skill level 4 in Dodging
 12840 | D:11     | Reached skill level 5 in Dodging
 13089 | D:11     | Reached *** piety under the Shining One
 13119 | D:11     | Noticed a two-headed ogre
 13124 | D:11     | Reached skill level 6 in Dodging
 13132 | D:11     | Killed a two-headed ogre
 13133 | D:11     | Reached skill level 10 in Invocations
 13166 | D:11     | Noticed a two-headed ogre
 13179 | D:11     | Killed a two-headed ogre
 13180 | D:11     | Reached skill level 7 in Dodging
 13336 | D:11     | Noticed a centaur warrior
 13343 | D:11     | Killed a centaur warrior
 13365 | D:11     | Noticed a two-headed ogre
 13372 | D:11     | Killed a two-headed ogre
 13373 | D:11     | Reached skill level 8 in Dodging
 13413 | D:11     | Noticed a fire dragon
 13676 | D:11     | Reached skill level 9 in Dodging
 13690 | D:11     | Noticed a centaur warrior
 13698 | D:11     | Killed a centaur warrior
 13799 | D:11     | Noticed a tengu reaver
 14116 | Lair:1   | Entered Level 1 of the Lair of Beasts
 14117 | Lair:1   | Noticed Sonja
 14130 | Lair:1   | Killed Sonja
 14292 | Lair:1   | Reached XP level 13. HP: 124/127 MP: 20/20
 14367 | Lair:1   | Reached skill level 10 in Dodging
 14527 | Lair:1   | Identified the ring of Gacrouda {rPois rF+ rC+ rN+ Slay-3}
 15488 | Lair:2   | Identified the +0 robe of the Gastropod {rPois Will+ rCorr
                  | Dex+4}
 15529 | Lair:2   | Reached skill level 11 in Dodging
 16572 | Lair:3   | Reached **** piety under the Shining One
 16581 | Lair:3   | Reached skill level 12 in Dodging
 16603 | Lair:3   | Found a staircase to the Snake Pit.
 17766 | Lair:3   | Found a staircase to the Swamp.
 17772 | Lair:3   | Reached skill level 13 in Dodging
 18054 | Lair:3   | Identified the +4 short sword of Fundamental Breach
                  | {vorpal, rN+ Int+5 Dex+4}
 18811 | Lair:4   | Reached XP level 14. HP: 124/135 MP: 22/22
 19621 | Lair:5   | Reached skill level 14 in Dodging
 21103 | Lair:5   | Found a staircase to the Slime Pits.
 21104 | Lair:5   | Found a viscous altar of Jiyva.
 21773 | Lair:6   | Entered Level 6 of the Lair of Beasts
 22302 | Lair:6   | Reached ***** piety under the Shining One
 22478 | Lair:6   | Reached skill level 5 in Armour
 22483 | Lair:6   | Identified the +2 robe "Igiruoq" {Dex+2}
 23458 | Lair:6   | Noticed Snorg
 24140 | Lair:6   | Killed Snorg
 24877 | D:11     | Found Arauqoh's Magic Scroll Emporium.
 24973 | D:11     | Found a basalt altar of Yredelemnul.
 25033 | D:12     | Reached skill level 10 in Armour
 25093 | D:12     | Noticed Maurice
 25382 | D:12     | Killed Maurice
 25513 | D:12     | Reached XP level 15. HP: 126/141 MP: 24/24
 25775 | D:12     | Found a staircase to the Orcish Mines.
 27934 | D:13     | Noticed a tengu reaver
 28303 | D:12     | Killed a tengu reaver
 28603 | D:12     | Reached XP level 16. HP: 149/149 MP: 25/25
 28604 | D:12     | Reached skill level 5 in Evocations
 28604 | D:12     | Reached XP level 17. HP: 156/156 MP: 26/26
 28628 | D:13     | Found the +0 staff of Battle
 29209 | D:14     | Noticed Josephine
 29217 | D:14     | Killed Josephine
 29732 | D:14     | Reached skill level 15 in Invocations
 29831 | D:14     | Found a gate to the Vaults.
 30055 | D:14     | Identified the +3 ring mail of Catatonia {rElec rN+++ Will-
                  | Str-2 Int+2}
 30148 | D:14     | Found a stormy altar of Qazlal.
 30441 | D:15     | Entered Level 15 of the Dungeon
 30957 | D:15     | Noticed Azrael
 30985 | D:15     | Killed Azrael
 31746 | D:15     | Reached skill level 15 in Dodging
 32125 | D:15     | Found a staircase to the Depths.
 32768 | Orc:1    | Entered Level 1 of the Orcish Mines
 33128 | Orc:2    | Entered Level 2 of the Orcish Mines
 33511 | Orc:2    | Reached skill level 16 in Dodging
 33619 | Orc:2    | Reached XP level 18. HP: 151/163 MP: 28/28
 33755 | Orc:2    | Found Uwnoogy's Antique Armour Emporium.
 33755 | Orc:2    | Found Voleer's Jewellery Shop.
 33806 | Orc:2    | Found a runed translucent door.
 33856 | Orc:2    | Found Niozuis's Jewellery Emporium.
 33856 | Orc:2    | Found Gian's Book Boutique.
 34394 | Orc:2    | Bought a pair of embroidered boots for 150 gold pieces
 34394 | Orc:2    | Bought an embroidered cloak for 150 gold pieces
 34394 | Orc:2    | Bought a pitted plate armour for 560 gold pieces
 34394 | Orc:2    | Identified the +2 plate armour "Irchysef" {rCorr Int+4
                  | Dex+4} (You bought it in a shop on level 2 of the Orcish
                  | Mines)
 34466 | Orc:2    | Bought the ring of Rud Zoud {rPois Dex+4 Slay+2} for 613
                  | gold pieces
 34484 | Orc:2    | Found a staircase to the Elven Halls.
 34823 | Orc:2    | Reached ****** piety under the Shining One
 35260 | Swamp:1  | Entered Level 1 of the Swamp
 35499 | Swamp:1  | Found a basalt altar of Yredelemnul.
 35911 | Swamp:1  | Reached skill level 17 in Dodging
 36532 | Swamp:1  | Found a runed translucent door.
 36812 | Swamp:1  | Paralysed by you for 7 turns
 36879 | Swamp:1  | Found the +15 Maxwell's patent armour {-Cast -Tele rElec
                  | Will+ rCorr}
 37522 | Swamp:2  | Reached skill level 18 in Dodging
 38840 | Swamp:4  | Entered Level 4 of the Swamp
 39110 | Swamp:4  | Noticed the 27-headed Lernaean hydra
 39540 | Swamp:4  | Reached skill level 19 in Dodging
 39910 | Swamp:4  | Got a decaying rune of Zot
 40517 | Snake:1  | Entered Level 1 of the Snake Pit
 40914 | Snake:1  | Found Kiezay's Weapon Shop.
 40916 | Snake:1  | Found Kewilib's Magic Scroll Shop.
 40916 | Snake:1  | Found Xafent's Antique Armour Boutique.
 40921 | Snake:1  | Found Reohuym's Antique Armour Boutique.
 40930 | Snake:1  | Bought an embroidered hat for 147 gold pieces
 41029 | Snake:1  | Reached XP level 19. HP: 170/170 MP: 30/30
 41832 | Snake:1  | Noticed Louise
 41853 | Snake:1  | Killed Louise
 42646 | Snake:2  | Found Yhockyos's Antique Armour Boutique.
 43320 | Snake:2  | Reached skill level 15 in Armour
 44027 | Snake:2  | You fall into a shaft and drop 1 floor!
 44097 | Snake:2  | Found a runed translucent door.
 44102 | Snake:2  | Noticed Qojoc's ghost (adept GnHu)
 44422 | Snake:2  | Identified the ring of Ytseesow {rC+ Str+8 Dex-4}
 46214 | Snake:3  | Found a white marble altar of Elyvilon.
 47171 | Snake:4  | Entered Level 4 of the Snake Pit
 49124 | Snake:4  | Reached XP level 20. HP: 75/187 MP: 25/32
 49937 | Snake:4  | Noticed Vashnia
 49946 | Snake:4  | Killed Vashnia
 50234 | Snake:4  | Got a serpentine rune of Zot
 51047 | Depths:1 | Entered Level 1 of the Depths
 51550 | D:15     | Reached skill level 10 in Shields
 54047 | Depths:1 | Found a gateway to Hell.
 54843 | Depths:1 | Found Tiagyl's Book Emporium.
 54844 | Depths:1 | Found Teuveoc's Jewellery Boutique.
 54845 | Depths:1 | Found Ruomurhe's Book Emporium.
 54853 | Depths:1 | Bought the ring "Tydamefu" {rF+ rC+ rCorr Dex+6 Slay+3} for
                  | 1172 gold pieces
 55974 | Depths:2 | Reached XP level 21. HP: 194/194 MP: 33/33
 56155 | Depths:2 | Reached skill level 10 in Evocations
 56388 | Depths:2 | Identified the +4 halberd of Pyromania {drain, Will+ Int+2}
 56717 | Depths:2 | Found a one-way gate leading to the halls of Pandemonium.
 56823 | Depths:2 | Found a one-way gate to the infinite horrors of the Abyss.
 58106 | Depths:3 | Identified the ring "Pintarit" {Will+++ EV+4 Int-2 Dex+4}
 58262 | Depths:3 | Noticed a golden dragon
 58286 | Depths:2 | Killed a golden dragon
 58732 | Depths:3 | Paralysed by a floating eye for 3 turns
 58741 | Depths:3 | Paralysed by a floating eye for 4 turns
 58750 | Depths:3 | Paralysed by a floating eye for 3 turns
 58755 | Depths:3 | Paralysed by a floating eye for 3 turns
 59186 | Depths:3 | Paralysed by a floating eye for 2 turns
 59657 | Depths:3 | Got the Volume of Dusty Execration
 59883 | Depths:3 | Reached skill level 15 in Shields
 60612 | Snake:1  | Bought a scroll of enchant weapon for 142 gold pieces
 60612 | Snake:1  | Bought a scroll of enchant weapon for 142 gold pieces
 60612 | Snake:1  | Bought a scroll of enchant weapon for 142 gold pieces
 61298 | Depths:4 | Entered Level 4 of the Depths
 61300 | Depths:4 | Found a one-way gateway to a ziggurat.
 63218 | Depths:4 | Identified the +1 leather armour of Feasting {Will- Str+4
                  | Dex+2}
 63229 | Depths:4 | Reached XP level 22. HP: 177/202 MP: 34/34
 63416 | Depths:4 | Found a gate to the Realm of Zot.
 63469 | Depths:4 | Paralysed by a vampire knight for 3 turns
 64341 | Depths:3 | Identified a +8 trishula of holy wrath (a +6 demon trident
                  | blessed by the Shining One)
 64341 | Depths:3 | Received a gift from the Shining One
 64596 | Vaults:1 | Entered Level 1 of the Vaults
 65694 | Vaults:1 | Found Zupyesam's Distillery.
 66398 | Vaults:2 | Identified the +0 kite shield of Hujaodo Kawi {Harm +Blink}
 66398 | Vaults:2 | Noticed Asterion
 66403 | Vaults:2 | Killed Asterion
 66824 | Vaults:2 | Found Dabesm's Assorted Antiques.
 68439 | Vaults:3 | Reached XP level 23. HP: 209/209 MP: 36/36
 68619 | Vaults:3 | Noticed Aizul
 68632 | Vaults:3 | Killed Aizul
 68828 | Vaults:3 | Noticed Saint Roka
 68854 | Vaults:3 | Killed Saint Roka
 69547 | Vaults:3 | Paralysed by a sphinx for 4 turns
 69796 | Vaults:3 | Found a staircase to the Crypt.
 71751 | Vaults:4 | Found Nionis's Antique Weapon Boutique.
 72472 | Vaults:5 | Entered Level 5 of the Vaults
 73065 | Vaults:5 | Got a silver rune of Zot
 73713 | Vaults:5 | Reached XP level 24. HP: 181/216 MP: 36/36
 73745 | Vaults:5 | Identified the +2 pair of gloves of Fortitude {rElec rF+
                  | Str+4 Int+4}
 74267 | Vaults:5 | Paralysed by a sphinx for 5 turns
 74281 | Vaults:5 | Paralysed by a sphinx for 6 turns
 75146 | Vaults:5 | Identified the +4 lajatang "Umoust" {flame, rPois Str+3}
 75690 | Vaults:5 | Noticed a dread lich
 75699 | Vaults:5 | Killed a dread lich
 75841 | Vaults:5 | Reached skill level 20 in Dodging
 76194 | Vaults:5 | Got the Disquisition on Bewitchment and Creation
 76747 | Slime:1  | Entered Level 1 of the Pits of Slime
 77655 | Slime:2  | Gained mutation: Your magical capacity is low. (-10% MP) [a
                  | shining eye]
 78663 | Slime:4  | Noticed Dissolution
 78688 | Slime:4  | Killed Dissolution
 78822 | Slime:5  | Entered Level 5 of the Pits of Slime
 79449 | Slime:5  | Noticed the Royal Jelly
 79450 | Slime:5  | Found a viscous altar of Jiyva.
 79778 | Slime:5  | Reached XP level 25. HP: 178/231 MP: 30/32
 79787 | Slime:4  | Reached skill level 21 in Dodging
 80512 | Slime:5  | Killed the Royal Jelly
 81042 | Slime:5  | Identified the +2 bardiche "Ybript" {antimagic, rC+}
 81045 | Slime:5  | Identified the +9 morningstar of Bloody Death {antimagic,
                  | Contam Dex+6}
 81056 | Slime:5  | Identified the +0 fire dragon scales of Egucrobb {rF++ rC-
                  | Int+4}
 81100 | Slime:5  | Got a slimy rune of Zot
 81102 | Slime:5  | Got the Volume of Twisted Poison
 81144 | Slime:5  | Identified the +10 halberd of the Moon {venom, rCorr Dex+3}
 81855 | Elf:1    | Entered Level 1 of the Elven Halls
 82209 | Elf:1    | Identified the +12 short sword "Sionn" {holy, rF+}
 83088 | Elf:2    | Found Jaci's Antique Armour Shoppe.
 83354 | Elf:2    | Noticed Nikola
 83390 | Elf:2    | Killed Nikola
 83465 | Elf:2    | Found a crumbling gateway.
 83829 | Elf:2    | Found a runed translucent gate.
 83830 | Elf:2    | Found a runed translucent gate.
 83830 | Elf:2    | Found a runed translucent gate.
 83881 | Elf:2    | Reached skill level 22 in Dodging
 84367 | Elf:3    | Entered Level 3 of the Elven Halls
 84793 | Elf:3    | Identified the +2 robe "Jaecem" {rElec Int+3 SInv}
 84811 | Elf:3    | Noticed Donald
 84838 | Elf:3    | Killed Donald
 84848 | Elf:3    | Identified the amulet "Veove" {RegenMP rF+++ rC- Str+5}
 84852 | Elf:3    | Identified the +6 spear of Invincibility {drain, rF+ Dex+4
                  | Stlth+}
 84854 | Elf:3    | Identified a scroll of acquirement
 84873 | Elf:3    | Identified the amulet "Qan Vezas" {Acrobat +Blink}
 84943 | Elf:3    | Acquired a +2 pair of boots of stealth
 85001 | Elf:3    | Identified the +2 ring mail "Vel Uxu" {rF+ Regen+}
 85069 | Elf:3    | Reached skill level 23 in Dodging
 85637 | Crypt:1  | Entered Level 1 of the Crypt
 85664 | Crypt:1  | Noticed Xtahua
 85678 | Crypt:1  | Killed Xtahua
 85729 | Crypt:1  | Noticed Jory
 85746 | Crypt:1  | Killed Jory
 85873 | Crypt:1  | Reached XP level 26. HP: 250/250 MP: 32/32
 86221 | Crypt:1  | Noticed Boris
 86230 | Crypt:1  | Killed Boris
 86259 | Crypt:1  | Found a runed translucent gate.
 86260 | Crypt:1  | Found a runed translucent gate.
 86261 | Crypt:1  | Found a runed translucent gate.
 86263 | Crypt:1  | Noticed Xonarufe's ghost (veteran GrFi)
 86497 | Crypt:1  | Killed Xonarufe's ghost
 86549 | Crypt:2  | Noticed Boris
 86554 | Crypt:2  | Killed Boris
 86683 | Crypt:2  | Noticed Caitwiop's ghost (veteran GrFi)
 86684 | Crypt:2  | Noticed a royal mummy
 86684 | Crypt:2  | Noticed Util's ghost (veteran MiBe)
 86699 | Crypt:2  | Found a transporter.
 87006 | Crypt:2  | Found a transporter.
 87199 | Crypt:3  | Entered Level 3 of the Crypt
 87265 | Crypt:3  | Found a staircase to the Tomb.
 87322 | Crypt:3  | Reached skill level 24 in Dodging
 87369 | Crypt:3  | Reached skill level 1 in Throwing
 87647 | Crypt:3  | Found a magical portal.
 87680 | WizLab   | Entered The Chambers of the Cloud Mage
 87709 | WizLab   | Paralysed by an air elemental for 1 turns
 87728 | WizLab   | Paralysed by an air elemental for 1 turns
 87731 | Crypt:3  | HP: 3/254 [poisoned by a death drake (dark miasma)]
 87734 | Crypt:3  | Paralysed by an air elemental for 1 turns
 88565 | Crypt:3  | Found a basalt altar of Yredelemnul.
 88574 | Crypt:3  | Found an ancient bone altar of Kikubaaqudgha.
 89367 | Crypt:3  | Got Jahumil's Reference Book on Unholy Rites
 89614 | Tomb:1   | Entered Level 1 of the Tomb of the Ancients
 89730 | Tomb:1   | Reached skill level 5 in Throwing
 89741 | Tomb:1   | Noticed a royal mummy
 90384 | Tomb:1   | Killed a royal mummy
 90533 | Tomb:1   | Noticed a royal mummy
 90546 | Tomb:1   | Killed a royal mummy
 90787 | Tomb:1   | Noticed Khufu
 90792 | Tomb:1   | Identified the +7 tower shield of Generosity {Slay+3}
 90799 | Tomb:1   | Killed Khufu
 90831 | Tomb:1   | Noticed a royal mummy
 90839 | Tomb:1   | Killed a royal mummy
 91272 | Tomb:1   | Noticed a royal mummy
 91284 | Tomb:1   | Killed a royal mummy
 91288 | Tomb:1   | Noticed a royal mummy
 91296 | Tomb:1   | Killed a royal mummy
 92338 | Tomb:2   | Noticed a royal mummy
 92343 | Tomb:2   | Noticed a royal mummy
 92343 | Tomb:2   | Noticed a royal mummy
 92344 | Tomb:2   | Noticed a royal mummy
 92352 | Tomb:2   | HP: 11/254 [death scarab[a royal mummy] (13)]
 92382 | Tomb:2   | HP: 11/254 [death scarab[a royal mummy] (5)]
 92383 | Tomb:2   | HP: 4/254 [harpy skeleton (5)]
 92383 | Tomb:2   | Slain by a death scarab

Illustrated notes

Levels and vault maps discovered:
D:1:      arrival_aquarium_b, layout_loops_ring,
          hellmonk_ecumenical_altar_heavens_door
D:2:      layout_basic, uniq_terence
D:3:      layout_rooms, grunt_gozag_statues,
          mainiacjoe_overflow_small_starburst, patterned_corridor, uniq_grinder
D:4:      layout_gridville, enter_ossuary_4
D:5:      layout_basic, ashenzari_conservatory_becter
D:6:      layout_basic, slow_altar_1, minmay_temple_entry_antechambers,
          columned_hall_lemuel, chequers_avenue,
          minmay_a_box_with_orc_wizards_in_it
D:7:      layout_loops_ring, nicolae_hepliaklqana_hippocampus
D:8:      layout_rooms, grunt_dithmenos_smoke, minmay_misc_feat_four_crosses
D:9:      layout_stronghold, lemuel_doored_altar, dpeg_lair_monsters,
          enter_bailey_1, library_closet
D:10:     layout_loops_ring, zin_academy, mainiacjoe_overflow_cross_hatched,
          serial_shops, shop, uniq_joseph, uniq_maggie, uniq_erolcha
D:11:     nzn_winding_woodlands_huge [nzn_winding_woodlands_5x15_longhouse,
          nzn_winding_woodlands_5x15_default,
          nzn_winding_woodlands_5x15_crooked, nzn_winding_woodlands_5x15_eye,
          nzn_winding_woodlands_5x15_lazy_stream,
          nzn_winding_woodlands_5x15_pockets,
          nzn_winding_woodlands_5x15_river_crossing,
          nzn_winding_woodlands_5x15_concentric,
          nzn_winding_woodlands_5x15_pool,
          nzn_winding_woodlands_5x15_pathside_ponds,
          nzn_winding_woodlands_center_triple_pond,
          nzn_winding_woodlands_center_pierced_h,
          nzn_winding_woodlands_15x15_eel_pit], layout_small_grid, serial_shops,
          shop, yredelemnul_altar_generic
D:12:     layout_roguey, david_orc_2, uniq_maurice
D:13:     layout_rooms, minmay_misc_feat_room,
          hellmonk_guarded_unrand_staff_of_battle
D:14:     minmay_mutant_horseshoe, layout_long_grid, erik_vaults_1,
          nicolae_qazlal_scattered_showers, uniq_josephine
D:15:     grunt_enter_depths_snipers, layout_layer_cave, minmay_fountain_box,
          uniq_azrael
Temple:   nicolae_temple_figure_eight
Lair:1:   layout_misc_corridors, grunt_megastairs_5, uniq_sonja
Lair:2:   layout_gridlike, hibernation_bobbens
Lair:3:   layout_chaotic_city, nicolae_swamp_entry_splash_gauntlet,
          minmay_snake_entry_six_corridors
Lair:4:   layout_cave_shapes, chequers_serial_rivers_marsh
Lair:5:   layout_cave_shapes, slime_altar_1, nicolae_lair_liquid_snakes,
          infiniplex_staircase_pool, serial_bayou_shore_b, serial_bayou_shore_b,
          grunt_megastairs_3
Lair:6:   hangedman_lair_tendril_chambers, layout_long_grid, uniq_snorg
Swamp:1:  gammafunk_mikee_crab_dinner, layout_falls_marsh,
          lemuel_altar_in_water, swamp_pool1, nicolae_swamp_stuck_in_the_mud
Swamp:2:  layout_basic_swamp, serial_swamp_ruin, hangedman_swamp_ruin_wall,
          evilmike_swamp_ruin_wall, swamp_pool5,
          nicolae_swamp_feature_on_the_river_bank
Swamp:3:  nicolae_swamp_ascending_descending, layout_basic_swamp,
          hangedman_swamp_lotus
Swamp:4:  swamp, layout_basic_swamp, swamp_pool1
Snake:1:  cheibrodos_snake_ritualist_ritual, layout_grid_maze,
          hangedman_venom_bottle, minmay_shoptagon, uniq_louise
Snake:2:  layout_layer_cave, gammafunk_ghost_grave,
          portal_ice_cave_entry_ice_statue_one, serial_shops,
          nicolae_shop_stone, grunt_ministairs_14, drop_trap
Snake:3:  nicolae_snake_shooting_gallery, layout_cave_town, basic_altar,
          serial_bayou_shore_b
Snake:4:  grunt_snake_rune_serpentine_throne, layout_basic,
          beargit_elvish_explorers
Slime:1:  layout_caves
Slime:2:  layout_caves
Slime:3:  layout_caves
Slime:4:  layout_caves, dissolution_awaits
Slime:5
Orc:1:    layout_diamond_mine, basic_altar, ebering_ghost_disaster_area,
          nicolae_orc_sculptors_studio, nicolae_orc_stony_grotto,
          david_defended_altar_orc
Orc:2:    st_orc_ogre_mass, layout_caves, lightli_church_of_beogh
Elf:1:    minmay_elf_arrival_summoners, layout_onion_city,
          kennysheep_underground_church
Elf:2:    nicolae_elf_blades_crystal_corner, layout_gridlike,
          portal_desolation_entry_salt, nicolae_take_the_stairs, hex_tiny,
          uniq_nikola
Elf:3:    minmay_elf_hall_curves, layout_rooms, uniq_donald
Vaults:1: v_misc_11, grunt_vaults_funnel, st_spiral_rooms, vaults_room_corners,
          hangedman_vaults_stream, v_misc_32, ontoclasm_vaults_ligature,
          nicolae_vaults_yaktaur_gun_rack, ontoclasm_vaults_ring_square,
          ontoclasm_vaults_loading_screen, layout_vaults_omnibox, serial_shops,
          nicolae_shop_stone
Vaults:2: vaults_room_semicircle, vaults_mumra_chevron, v_rooms_6, v_misc_10,
          vaults_dpeg_ring, v_pattern_5, nicolae_vaults_little_ls,
          dpeg_vaults_monster_box, v_alt_pattern_3, vaults_standard_mumra_lines,
          layout_vaults_omnicross, serial_shops, nicolae_shop_hallway_plus,
          uniq_asterion
Vaults:3: hangedman_vaults_slice, v_pattern_2, hangedman_vaults_trim,
          vaults_room_large_hall, minmay_crypt_entry_simple_corners,
          hangedman_vaults_maws, hangedman_vaults_river_flow,
          layout_vaults_omnigrid, uniq_saint_roka, uniq_aizul
Vaults:4: vaults_mumra_chevron_long, vaults_room_glass_cross,
          vaults_room_hallway, vaults_mumra_minichess_inversion,
          hangedman_vaults_locks, ontoclasm_vaults_ring_small,
          vaults_room_hallway, vaults_dpeg_encased_lava,
          grunt_vaults_hallway_short, nicolae_vaults_little_squares_6,
          layout_vaults_chaotic_city, serial_shops, shop_fountains, uniq_margery
Vaults:5: serial_shops
Crypt:1:  layout_regular_city, gammafunk_ghost_spectres,
          grunt_crypt_arrival_webbed, uniq_boris, uniq_xtahua, uniq_jory
Crypt:2:  layout_misc_corridors, nzn_ghost_randoct, st_stairs_1
Crypt:3:  lightli_unholy_cathedral, layout_chaotic_city,
          tomb_entry_forgotten_bobbens, infiniplex_enter_wizlab_water,
          amcnicky_mini_pool_small
Tomb:1:   uniq_khufu
Tomb:2
Depths:1: layout_long_grid, hellmouth_1, minmay_misc_feat_encased,
          minmay_splitting_lines, amcnicky_mini_corridor_feature,
          amcnicky_mini_rare_corridor_liquid, onia_ninara_cookie,
          minmay_shop_grove, serial_bayou_shore_b
Depths:2: evilmike_pillar_path, layout_basic, rand_demon_pan_entry_9,
          abyss_entry_small_statue_room, hell_entry, st_stairs_4,
          infiniplex_staircase_zigzag_4
Depths:3: hangedman_arch_fort, layout_gridlike, grunt_hell_entry_dis_mu,
          minmay_curled_crystal, rand_demon_pan_entry_3, abyss_entry,
          minmay_checkered_concentric_circles
Depths:4: grunt_zot_entry_pinwheel, layout_basic, enter_ziggurat_b,
          minmay_misc_feat_secret_circle, grunt_metal_band

Skill      XL: |  1  2  3  4  5  6  7  8  9 10 11 12 13 14 15 16 17 18 19 20 21 22 23 24 25 26 |
---------------+-------------------------------------------------------------------------------+-----
Polearms       | 3 4 5 6 8 9 11 13 14 | 14.3
Fighting       | 8 12 15 18 20 23 | 23.8
Invocations    | 4 6 9 10 12 14 15 17 18 19 20 | 20.9
Dodging        | 1 9 13 14 16 19 20 23 24 | 24.0
Armour         | 10 12 14 17 19 22 23 | 23.0
Shields        | 7 8 12 16 19 22 23 | 23.2
Evocations     | 5 9 12 14 | 14.3
Throwing       | 6 |  6.8

Action                   |  1- 3 |  4- 6 |  7- 9 | 10-12 | 13-15 | 16-18 | 19-21 | 22-24 | 25-27 || total
-------------------------+-------+-------+-------+-------+-------+-------+-------+-------+-------++-------
Melee: Trident           |    84 |   136 |   422 |   454 |  1062 |  1229 |  2596 |   139 |       ||  6122
       Headbutt          |     8 |    22 |    81 |    94 |   310 |   368 |   932 |   948 |   467 ||  3230
       Trishula          |       |       |       |       |       |       |       |  2209 |  1461 ||  3670
Throw: Boomerang         |       |       |    18 |     5 |    17 |     9 |     5 |     5 |       ||    59
       Dart              |       |       |       |       |       |       |       |     1 |       ||     1
       Javelin           |       |       |       |       |       |       |       |       |     1 ||     1
Invok: Summon Divine War |       |       |       |       |       |     6 |     4 |     5 |     4 ||    19
       Divine Shield     |       |       |       |       |       |     3 |    19 |    35 |    13 ||    70
       Cleansing Flame   |       |       |       |       |       |     2 |     4 |     3 |     9 ||    18
       Brand Weapon With |       |       |       |       |       |       |       |     1 |       ||     1
Evoke: Piece from Xom's  |       |       |       |       |       |     2 |     1 |       |       ||     3
       Wand              |       |       |       |       |       |     2 |     3 |     4 |     2 ||    11
       Tin of tremorston |       |       |       |       |       |       |     2 |       |       ||     2
       Box of beasts     |       |       |       |       |       |       |     1 |       |     1 ||     2
  Use: Potion            |       |     1 |     5 |     4 |     5 |     2 |     1 |     7 |    15 ||    40
       Scroll            |       |       |       |     6 |     9 |    20 |     4 |    13 |    14 ||    66
Armor: Scale mail        |    29 |    29 |    20 |       |       |       |       |       |       ||    78
       Chain mail        |       |       |    83 |     4 |       |       |       |       |       ||    87
       Plate armour      |       |       |       |    73 |   258 |   386 |   559 |   382 |   227 ||  1885
Dodge: Dodged            |    28 |    25 |    89 |    50 |   290 |   458 |   795 |   667 |   661 ||  3063
Block: Buckler           |    13 |    27 |    50 |    87 |   341 |   624 |    12 |       |       ||  1154
       Reflection        |       |       |     2 |     8 |    33 |    55 |   170 |   101 |   111 ||   480
       Tower shield      |       |       |       |       |       |       |  2607 |  2720 |  1649 ||  6976
       Kite shield       |       |       |       |       |       |       |    22 |       |       ||    22

Table legend: (Time is in decaauts)
 A = Elapsed time spent in this place.
 B = Non-inter-level travel time spent in this place.
 C = Inter-level travel time spent in this place.
 D = Time resting spent in this place.
 E = Time spent auto-exploring this place.
 F = Levels seen in this place.
 G = Mean time per level.
                   A        B        C        D        E       F      G
               +--------+--------+--------+--------+--------+-----+--------+
         Total |  90173 |  84599 |   5574 |  31084 |  37752 |  57 | 1582.0 |
       Dungeon |  24216 |  22499 |   1717 |   9266 |   9975 |  15 | 1614.4 |
        Temple |    262 |    253 |      9 |      0 |    216 |   1 |  262.0 |
          Lair |  11758 |  10624 |   1134 |   4780 |   4617 |   6 | 1959.7 |
         Swamp |   5392 |   5049 |    343 |   1239 |   2831 |   4 | 1348.0 |
     Snake Pit |  10048 |   9479 |    569 |   4283 |   3485 |   4 | 2512.0 |
    Slime Pits |   4100 |   3983 |    117 |   1819 |   1088 |   5 |  820.0 |
  Orcish Mines |   2224 |   2095 |    129 |    759 |    875 |   2 | 1112.0 |
   Elven Halls |   3364 |   3170 |    194 |     61 |   2299 |   3 | 1121.3 |
        Vaults |  11136 |  10585 |    551 |   2891 |   5254 |   5 | 2227.2 |
         Crypt |   4441 |   4209 |    232 |   1877 |   1510 |   3 | 1480.3 |
          Tomb |   2121 |   2121 |      0 |    669 |    825 |   2 | 1060.5 |
        Depths |  10212 |   9637 |    575 |   3319 |   4209 |   4 | 2553.0 |
       Ossuary |    473 |    473 |      0 |    118 |    263 |   1 |  473.0 |
        Bailey |    374 |    374 |      0 |      0 |    293 |   1 |  374.0 |
        Wizlab |     45 |     45 |      0 |      0 |      9 |   1 |   45.0 |
               +--------+--------+--------+--------+--------+-----+--------+

Top non-repeatable levels by time:
    D:15: 4448 daAuts
Depths:2: 3279 daAuts
Vaults:4: 3246 daAuts
  Lair:5: 3014 daAuts
 Snake:4: 2882 daAuts
 Crypt:3: 2866 daAuts
Depths:3: 2823 daAuts
    D:12: 2704 daAuts
Vaults:5: 2609 daAuts
  Lair:6: 2609 daAuts
Depths:4: 2454 daAuts
 Snake:1: 2448 daAuts
 Snake:3: 2402 daAuts
 Snake:2: 2314 daAuts
  Lair:3: 2227 daAuts
